 Dungeon Crawl Stone Soup version 0.14-a0-3167-gc8df72d (webtiles) character file.

506 Herrn the Skirmisher (level 6, 0/35 HPs)
             Began as a Vine Stalker Fighter on Mar 10, 2014.
             Succumbed to a killer bee's poison
             ... on Level 4 of the Dungeon.
             The game lasted 00:09:39 (2545 turns).

Herrn the Skirmisher (Vine Stalker Fighter)         Turns: 2545, Time: 00:09:39

HP   0/35        AC 12     Str 22      XL: 6   Next: 45%
MP  10/13        EV  3     Int  8      God:
Gold 187         SH 19     Dex 15      Spells:  0 memorised, 10 levels left

rFire  x . .     SeeInvis .     a - +0 long sword
rCold  + . .     Clarity  .     h - +0 plate armour
rNeg   . . .     Conserve .     c - +0 shield
rPois  .         rCorr    .     l - +0 helmet
rElec  .         rRot     +     (no cloak)
SustAb . .       Spirit   +     (no gloves)
rMut   .         Warding  .     (no boots)
Saprov . . .     Stasis   .     (no amulet)
MR     .....                    r - +3 ring of strength
                                w - ring of ice

@: lethally poisoned, not resistant to hostile enchantments, extremely
unstealthy
A: fangs 2, regeneration 2, magic shield, antimagic bite, no device heal
a: no special abilities


You were on level 4 of the Dungeon.
You were hungry.

You visited 1 branch of the dungeon, and saw 4 of its levels.

You collected 187 gold pieces.

Inventory:

Hand weapons
 a - a +0,+0 long sword (weapon)
Armour
 c - a +0 shield (worn)
 h - a +0 plate armour (worn)
 l - a +0 helmet (worn)
Comestibles
 d - 3 bread rations
 f - 3 meat rations
 o - 2 chunks of orc flesh
 t - a chunk of orc flesh
Scrolls
 b - a scroll of blinking {unknown}
 i - a scroll of noise {unknown}
 k - a scroll of random uselessness
 n - a scroll of remove curse
 p - a scroll of enchant weapon I {unknown}
 s - 2 scrolls of identify
 v - a scroll of fog {unknown}
Jewellery
 g - an uncursed ring of flight
 r - a +3 ring of strength (right hand)
 w - a ring of ice (left hand)
Potions
 e - a potion of might
 m - a potion of curing {unknown}
 q - 3 potions of brilliance {unknown}
 u - a potion of mutation {unknown}


   Skills:
 * Level 4.8 Fighting
 + Level 3.4 Long Blades
 - Level 2.4 Armour
 - Level 2.6 Shields
 * Level 2.8 Spellcasting


You had 10 spell levels left.
You didn't know any spells.

Dungeon Overview and Level Annotations

Branches:
Dungeon (4/16)
 Temple: D:4-7

Altars:


Innate Abilities, Weirdness & Mutations

You have extremely sharp teeth.
You heal very quickly.
When hurt, damage is shared between your health and your magic reserves.
Your bite disrupts and absorbs the magic of your enemies.
Potions and wands cannot restore your HP.


Message History

* * * LOW HITPOINT WARNING * * *
You feel sick.
The killer bee stings you but does no damage.
The orc wizard looks braver.
The killer bee stings you but does no damage.
Unknown command.
Unknown command.
Unknown command.
* * * LOW HITPOINT WARNING * * *
You feel sick. You block the killer bee's attack.
The killer bee stings you but does no damage.
You miss the killer bee. You bite the killer bee. You drain its power.
You feel invigorated.
The killer bee is heavily wounded.
* * * LOW HITPOINT WARNING * * *
You feel sick. The killer bee stings you.
The killer bee stings you but does no damage.
You miss the killer bee. Your bite misses the killer bee.
The killer bee is heavily wounded.
You die...

.(.<. ... #..#
###. #..# ##
#oo# #####.
###.####oo#
#.....
........kk#
#.###.
###.#####k# #.#
#. #k# #.# #.
#@###########.#
#.
#.............#
#.
###############
#. ##


You could see 4 killer bees, an orc wizard and 3 orcs.

Vanquished Creatures
  2 killer bees (D:4)
  An orc priest (D:3)
  Natasha (twice) (D:3)
  An orc wizard (D:4)
  6 adders
  An ooze (D:1)
  8 orcs
  8 bats
  9 goblins
  10 hobgoblins
  7 jackals (D:1)
  A quokka (D:2)
  A ball python (D:3)
  6 giant cockroaches
  2 giant geckos (D:3)
  5 giant newts
  11 kobolds
  8 rats
89 creatures vanquished.

Notes
Turn   | Place    | Note
--------------------------------------------------------------
     0 | D:1      | Herrn, the Vine Stalker Fighter, began the quest for the Orb.
     0 | D:1      | Reached XP level 1. HP: 11/11 MP: 1/1
   113 | D:1      | Reached skill level 1 in Spellcasting
   113 | D:1      | Reached XP level 2. HP: 16/16 MP: 2/4
   153 | D:1      | Reached skill level 3 in Fighting
   256 | D:1      | Reached XP level 3. HP: 18/20 MP: 5/5
   911 | D:2      | Reached XP level 4. HP: 25/25 MP: 7/7
  1805 | D:3      | Noticed Natasha
  1817 | D:3      | Killed Natasha
  1817 | D:3      | Reached skill level 4 in Fighting
  1817 | D:3      | Reached XP level 5. HP: 10/29 MP: 4/11
  2202 | D:3      | Noticed Natasha
  2211 | D:3      | Killed Natasha
  2421 | D:4      | Gained mutation: You heal very quickly. [vine stalker growth]
  2421 | D:4      | Reached XP level 6. HP: 17/34 MP: 8/13
  2545 | D:4      | Succumbed to a killer bee's poison

Action                   |  1- 3 |  4- 6 || total
-------------------------+-------+-------++-------
Melee: Long sword        |   122 |   184 ||   306
  Use: Scroll            |     2 |     2 ||     4
